 Dungeon Crawl Stone Soup version 0.15.2 (webtiles) character file.

69 flegu the Charmwright (level 4, 0/33 HPs)
             Began as a Merfolk Skald on Feb 12, 2015.
             Succumbed to an adder's poison
             ... on Level 2 of the Dungeon.
             The game lasted 00:13:29 (1601 turns).

flegu the Charmwright (Merfolk Skald)               Turns: 1601, Time: 00:13:30

HP   0/33        AC  4     Str 12      XL: 4   Next: 20%
MP   3/7         EV 10     Int 12      God:
Gold 131         SH  0     Dex 13      Spells:  3 memorised,  1 level left

rFire  . . .     SeeInvis .     a - +2 spear
rCold  . . .     Clarity  .     b - +0 leather armour
rNeg   . . .     rCorr    .     (no shield)
rPois  .         rRot     .     (no helmet)
rElec  .         Spirit   .     (no cloak)
SustAb .         Warding  .     (no gloves)
rMut   .         Stasis   .     o - +0 pair of boots
Gourm  .                        l - amulet of rage
MR     .....                    (no ring)
                                (no ring)

@: lethally poisoned, not resistant to hostile enchantments, very unstealthy
A: change form in water, swift swim
a: Evoke Berserk Rage


You were on level 2 of the Dungeon.
You were hungry.

You visited 1 branch of the dungeon, and saw 2 of its levels.

You collected 131 gold pieces.

Inventory:

Hand weapons
 a - a +2 spear (weapon)
Missiles
 i - 25 stones (quivered)
Armour
 b - a +0 leather armour (worn)
 o - a +0 pair of boots (worn)
Comestibles
 d - a bread ration
 h - a beef jerky
 j - a rotting chunk of adder flesh
 k - a rotting chunk of bat flesh
Scrolls
 f - 3 scrolls of teleportation
Jewellery
 e - an uncursed amulet of warding
 l - an amulet of rage (around neck)
Books
 c - a book of Battle

   Spells                             Type                      Level
   *Infusion                          Charms                       1
   *Shroud of Golubria                Charms/Translocation         2
   Song of Slaying                    Charms                       2
   *Spectral Weapon                   Hexes/Charms                 3
   Regeneration                       Charms/Necromancy            3


   Skills:
 - Level 2.1 Fighting
 + Level 4.4 Polearms
 - Level 0.6 Armour
 - Level 1.3 Dodging
 - Level 2.0 Spellcasting
 + Level 0.4 Hexes
 + Level 4.6 Charms


You had one spell level left.
You knew the following spells:

 Your Spells              Type           Power        Failure   Level  Hunger
a - Infusion              Chrm           ##....       4%          1    ##.....
b - Shroud of Golubria    Chrm/Tloc      #.........   17%         2    ###....
c - Spectral Weapon       Hex/Chrm       #.......     30%         3    ####...


Dungeon Overview and Level Annotations

Branches:
Dungeon (2/15)

Altars:


Message History

You feel sick.
Your surroundings suddenly seem different.
* * * LOW HITPOINT WARNING * * *
You feel sick.
* * * LOW HITPOINT WARNING * * *
You feel sick.
A goblin comes into view.
The goblin shouts!
Found a scroll of identify.
* * * LOW HITPOINT WARNING * * *
You feel sick.
* * * LOW HITPOINT WARNING * * *
You feel sick.
Your magical infusion is running out.
* * * LOW HITPOINT WARNING * * *
You feel sick.
You are no longer magically infusing your attacks.
* * * LOW HITPOINT WARNING * * *
You feel sick.
You die...

# #.##.##....#.# #.#.# #.# .
#.##.##....#.#### #.#..##.# .
.....##.......... .......... .
#.##.##....#.#### #.#...#.# .
#.##.##.......... #.#.#.#
.####.##.###...#.#### # #.#.#
.........# #...#.##.# #. .....
.####.##.###........###.#.#.##..#
...[.....g......@................
............[............ #.###..
#####.....##..##.##.##..#.#.#.#..
........##.....................
###.##...##..##.##.##..#...#.##.
...................# ......#.<..
###.##...###.##..#.# ..#.....)..
#.##...# #.##..# # ...........
####......##........ .........#.


You could see a goblin.

Vanquished Creatures
  2 adders (D:2)
  A giant mite (D:1)
  2 giant geckos (D:2)
  6 goblins
  3 hobgoblins
  4 jackals (D:1)
  6 kobolds
  A ball python (D:1)
  7 bats
  5 giant newts (D:1)
  4 rats
41 creatures vanquished.

Notes
Turn   | Place    | Note
--------------------------------------------------------------
     0 | D:1      | flegu, the Merfolk Skald, began the quest for the Orb.
     0 | D:1      | Reached XP level 1. HP: 16/16 MP: 3/3
   211 | D:1      | Reached XP level 2. HP: 17/22 MP: 0/4
   560 | D:1      | Learned a level 2 spell: Shroud of Golubria
   646 | D:1      | Reached skill level 4 in Charms
   685 | D:1      | Reached XP level 3. HP: 27/27 MP: 6/6
  1421 | D:2      | Learned a level 3 spell: Spectral Weapon
  1491 | D:2      | Reached XP level 4. HP: 20/33 MP: 3/7
  1593 | D:2      | HP: 1/33 [poisoned by an adder]
  1601 | D:2      | Succumbed to an adder's poison

Action                   |  1- 3 |  4- 6 || total
-------------------------+-------+-------++-------
Melee: Spear             |    93 |    15 ||   108
Throw: Stone             |    22 |     1 ||    23
 Cast: Infusion          |     9 |     1 ||    10
       Shroud of Golubri |     1 |     1 ||     2
  Use: Scroll            |     5 |     1 ||     6
 Stab: Sleeping          |     1 |       ||     1
  Eat: Chunk             |     2 |       ||     2
